Map: Crête de Lerilak

Players

Mattmatt

  • Race: Protoss Protoss
  • League: Diamond

Shalow - Winner!

  • Race: Terran Terran
  • League: Diamond

VOD

Have the link to the VOD?

Description

stalker blink + prism adept +atk1 harass, into macro

Time

  • Played on: Feb. 6, 2016, 8:19 a.m.
  • Length: 11:09
Show
View Real Time Build Order
Export as new Build Order

Mattmatt Protoss 

Build Orders: 1 Gate Expand, Blink Stalkers 

Get SALT Encoding   

  12  0:00  Probe (Chrono Boost)  
  13  0:12  Probe (Chrono Boost)  
  14  0:18  Pylon  
  14  0:22  Probe (Chrono Boost)  
  15  0:36  Probe (Chrono Boost)  
  15  0:39  Gateway  
  16  0:47  Probe (Chrono Boost)  
  17  0:50  Assimilator  
  17  0:58  Probe (Chrono Boost)  
  18  1:09  Probe (Chrono Boost)  
  19  1:20  Probe (Chrono Boost)  
  20  1:27  Nexus  
  20  1:37  Cybernetics Core  
  20  1:40  Probe (Chrono Boost)  
  21  1:48  Assimilator  
  21  1:57  Probe (Chrono Boost)  
  22  2:01  Pylon  
  22  2:07  Probe (Chrono Boost)  
  23  2:19  Probe (Chrono Boost)  
  23  2:21  Stalker  
  23  2:22  Warp Gate  
  26  2:30  Probe (Chrono Boost)  
  27  2:40  Forge  
  27  2:41  Probe x2 (Chrono Boost)  
  29  2:48  Pylon  
  29  2:52  Probe x2 (Chrono Boost)  
  29  2:55  Twilight Council  
  31  3:02  Probe (Chrono Boost)  
  31  3:04  Probe (Chrono Boost)  
  33  3:13  Mothership Core (Chrono Boost)  
  33  3:17  Robotics Facility  
  33  3:19  Probe (Chrono Boost)  
  36  3:29  Assimilator  
  36  3:30  Probe (Chrono Boost), Assimilator  
  36  3:31  Probe (Chrono Boost)  
  38  3:40  Probe (Chrono Boost)  
  37  3:42  Blink (Chrono Boost)  
  37  3:44  Protoss Ground Weapons Level 1  
  37  3:45  Probe (Chrono Boost)  
  38  3:49  Gateway  
  38  3:50  Probe (Chrono Boost)  
  39  3:56  Probe (Chrono Boost)  
  39  4:01  Probe  
  41  4:04  Warp Prism  
  41  4:07  Probe  
  44  4:12  Pylon  
  44  4:20  Pylon, Probe x2  
  46  4:26  Gateway  
  46  4:32  Probe  
  46  4:33  Probe, Stalker  
  50  4:41  Gateway  
  50  4:45  Stalker  
  52  4:47  Observer  
  53  4:58  Photon Cannon  
  53  4:59  Probe x2  
  55  5:04  Photon Cannon  
  55  5:09  Observer  
  55  5:11  Probe x2  
  58  5:19  Stalker x2  
  62  5:23  Probe x2  
  64  5:32  Charge (Chrono Boost)  
  64  5:35  Probe x2  
  66  5:49  Adept x2  
  68  5:50  Adept  
  70  6:13  Pylon, Probe x2  
  70  6:14  Pylon  
  70  6:16  Pylon  
  70  6:21  Protoss Ground Weapons Level 2  
  70  6:31  Probe  
  71  6:35  Stalker x4  
  71  6:39  Templar Archives  
  83  6:40  Immortal  
  83  7:00  Probe x2  
  83  7:13  Gateway  
  83  7:14  Gateway  
  83  7:17  Gateway  
  83  7:18  Probe x2  
  83  7:19  Gateway  
  85  7:23  High Templar x4  
  85  7:25  Gateway x2  
  93  7:30  Probe  
  93  7:31  Psionic Storm  
  93  7:32  Nexus, Pylon  
  93  7:34  Pylon x2  
  93  7:36  Pylon  
  94  7:37  Pylon x2  
  94  7:59  Immortal  
  94  8:00  High Templar x2  
  102  8:07  Resonating Glaives (Chrono Boost)  
  102  8:19  Photon Cannon  
  102  8:21  Photon Cannon  
  102  8:22  Protoss Ground Weapons Level 3  
  102  8:23  Photon Cannon  
  102  8:27  Pylon  
  102  8:28  Pylon  
  102  8:35  Assimilator  
  102  8:38  Immortal  
  106  8:41  Assimilator  
  106  8:46  Pylon  
  105  8:49  Gateway  
  105  8:51  Gateway  
  105  8:54  Gateway  
  105  8:57  Adept x5  
  115  9:10  Photon Cannon  
  115  9:11  Photon Cannon  
  115  9:21  Adept x2  
  119  9:24  Zealot x3  
  119  9:27  High Templar x2  
  119  9:31  Archon  
  129  9:51  Nexus  
  129  9:52  Pylon  
  129  9:54  Zealot x2  
  129  9:55  Zealot x3  
  110  10:07  Stalker x2  
  111  10:19  Stalker  
  111  10:20  Stalker  
  113  10:29  Pylon  
  113  10:30  Photon Cannon  
  113  10:35  High Templar x3  
  111  10:55  Zealot x3  
Show
View Real Time Build Order
Export as new Build Order

Shalow Terran - Winner!

Build Orders: Command Center First (CC) 

Get SALT Encoding   

  12  0:00  SCV  
  13  0:13  SCV  
  14  0:17  Supply Depot  
  14  0:25  SCV  
  15  0:39  SCV  
  16  0:51  SCV  
  17  1:02  Command Center  
  17  1:04  SCV  
  18  1:16  SCV  
  19  1:23  Barracks  
  19  1:28  SCV  
  20  1:45  SCV  
  21  1:49  Barracks  
  21  1:55  Barracks  
  21  1:57  SCV  
  22  2:09  SCV  
  23  2:16  Orbital Command  
  23  2:18  Marine  
  24  2:24  Orbital Command  
  24  2:36  Marine x2  
  26  2:42  Marine  
  27  2:46  SCV  
  27  2:47  Refinery x2  
  27  2:51  Supply Depot  
  28  2:53  Marine  
  28  2:55  Marine  
  30  3:02  Marine  
  30  3:04  SCV x2  
  32  3:11  Marine  
  33  3:12  Marine  
  33  3:16  SCV  
  35  3:20  Marine, SCV  
  35  3:25  Bunker  
  37  3:28  SCV  
  37  3:29  Marine  
  37  3:30  Marine  
  37  3:32  SCV  
  41  3:36  Factory  
  41  3:38  Marine  
  42  3:43  SCV  
  42  3:47  Marine  
  42  3:48  Marine, SCV  
  45  3:54  Engineering Bay  
  46  3:58  Supply Depot  
  46  4:02  Barracks Tech Lab  
  46  4:07  Supply Depot x2  
  46  4:20  Marine x2, SCV x2, Missile Turret  
  46  4:23  Missile Turret  
  50  4:32  SCV x2  
  50  4:35  Supply Depot x2  
  50  4:38  Missile Turret  
  52  4:41  Starport  
  52  4:43  Factory Reactor  
  52  4:47  Stimpack  
  52  4:51  SCV x2  
  54  5:03  SCV x2  
  54  5:04  Barracks Reactor  
  54  5:05  Marine x2  
  58  5:15  SCV x2  
  58  5:17  Terran Infantry Weapons Level 1  
  60  5:26  Medivac x2  
  60  5:27  SCV x2  
  66  5:33  Marine  
  67  5:39  SCV x2  
  67  5:47  Marine  
  67  5:49  Marine x2  
  69  5:51  SCV x2  
  69  5:56  Medivac  
  73  6:03  SCV  
  73  6:04  SCV  
  69  6:12  Marine x4  
  69  6:15  SCV  
  69  6:16  SCV  
  74  6:19  Command Center  
  74  6:22  Barracks  
  72  6:28  SCV  
  72  6:30  Marine x3  
  75  6:32  SCV  
  75  6:33  Barracks  
  75  6:35  Marine  
  75  6:36  Barracks  
  75  6:37  Medivac  
  75  6:38  Medivac  
  80  6:40  SCV  
  80  6:47  Marine  
  80  6:53  Marauder  
  81  6:57  Marine x2  
  81  7:00  Factory Tech Lab  
  83  7:05  Marine  
  83  7:07  Viking  
  85  7:14  Marine  
  86  7:18  Missile Turret  
  86  7:19  Missile Turret  
  86  7:31  Supply Depot x3  
  86  7:33  SCV  
  86  7:34  Marine  
  86  7:44  Marine  
  86  7:47  Refinery  
  86  7:49  Refinery  
  86  7:50  Marine  
  86  7:52  SCV  
  86  7:53  Marauder  
  86  7:54  Marine x2  
  86  7:55  Marine  
  86  7:57  Medivac x2  
  94  8:02  Marine  
  95  8:08  Marine  
  95  8:12  Marine  
  95  8:13  Marine  
  95  8:14  Marauder, Marine  
  95  8:18  SCV x2  
  102  8:20  Marine  
  102  8:26  Marine  
  104  8:29  Missile Turret  
  104  8:30  Marine x2, Supply Depot x2  
  104  8:31  Supply Depot, Ghost Academy  
  104  8:32  Marine, Orbital Command  
  107  8:35  Marine  
  107  8:37  SCV x2  
  107  8:41  Terran Infantry Armor Level 1  
  110  8:49  Marine x2  
  110  8:51  SCV  
  110  8:53  Barracks Tech Lab, Orbital Command  
  110  8:54  Barracks Tech Lab, Barracks Reactor  
  113  9:05  Personal Cloaking  
  113  9:07  Siege Tank  
  113  9:09  SCV x2  
  118  9:16  Marine  
  118  9:17  Marine  
  118  9:23  Marine x2  
  118  9:24  Marauder, SCV  
  123  9:26  SCV x2  
  126  9:31  Missile Turret  
  126  9:32  Starport  
  126  9:36  SCV  
  127  9:41  Engineering Bay  
  127  9:45  Armory  
  127  9:52  Marine x2  
  126  9:53  Marine x2  
  126  9:54  Marauder, SCV  
  126  9:58  Marine  
  127  10:02  Marine  
  127  10:03  SCV  
  127  10:04  SCV  
  123  10:10  Marine x2  
  123  10:11  Marine x2  
  122  10:15  Marauder  
  122  10:16  Marauder  
  122  10:19  Marine  
  120  10:27  Marine  
  120  10:28  Marine  
  118  10:29  Marine x2  
  117  10:37  Marauder, Marine  
  117  10:38  Marauder  
  113  10:45  Marine  
  113  10:46  Marine  
  113  10:47  Marine x2  
Tags
 
Add a new tag
Caveats
  • Supply blocks, unpowered buildings, or Contaminate may cause inaccurate times.
  • Supply counts are checked every 10 seconds.